 Dungeon Crawl Stone Soup version 0.18.1-48-g4cf74bf (webtiles) character file.

23 djnw the Digger (level 3, 0/30 HPs)
             Began as a Naga Earth Elementalist on Aug 25, 2016.
             Slain by an adder (2 damage)
             ... on level 2 of the Dungeon.
             The game lasted 00:07:38 (1509 turns).

djnw the Digger (Naga Earth Elementalist)           Turns: 1509, Time: 00:07:40

Health: 0/30       AC:  2    Str: 17    XL:     3   Next: 0%
Magic:  5/7        EV: 10    Int: 16    God:
Gold:   20         SH:  0    Dex: 11    Spells: 1 memorised, 6 levels left

rFire  . . .     SeeInvis +     b - 35 stones
rCold  . . .     Gourm    .     a - +0 robe
rNeg   . . .     Faith    .     (no shield)
rPois  +         Spirit   .     (no helmet)
rElec  .         Dismiss  .     (no cloak)
rCorr  .         Reflect  .     (no gloves)
SustAt .         Harm     .     (no barding)
MR     .....                    (no amulet)
Stlth  ++........               (no ring)
                                (no ring)

@: mighty, lethally poisoned (0 -> -4), very slightly contaminated, very slow,
not resistant to hostile enchantments, unstealthy
A: see invisible, deformed body, high mp 1, poison resistance, robust 1,
slowness 2, slow metabolism 1, spit poison 2, strong 1, AC +1
a: Spit Poison


You were on level 2 of the Dungeon.
You were hungry.

You visited 1 branch of the dungeon, and saw 2 of its levels.

You collected 20 gold pieces.

Inventory:

Hand Weapons
 e - a +0 hand axe
Missiles
 b - 35 stones (in hand)
Armour
 a - a +0 robe (worn)
 h - a +0 buckler
Books
 c - a book of Geomancy

   Spells                             Type                      Level
   a - Sandblast                      Earth                        1
   b - Passwall                       Transmutation/Earth          2
   c - Stone Arrow                    Conjuration/Earth            3
   d - Petrify                        Transmutation/Earth          4
   e - Lee's Rapid Deconstruction     Earth                        5
Comestibles
 d - 2 bread rations
 i - 5 fruits


   Skills:
 - Level 1.5 Dodging
 - Level 3.0 Stealth
 + Level 2.7 Spellcasting
   Level 1.0 Transmutations
 + Level 3.4 Earth Magic


You had 6 spell levels left.
You knew the following spells:

 Your Spells              Type           Power        Failure   Level  Hunger
a - Sandblast             Erth           ##....       6%          1    #......


Dungeon Overview and Level Annotations

Branches:
Dungeon (2/15)

Altars:


Innate Abilities, Weirdness & Mutations

You cannot wear boots.
Your serpentine skin is tough (AC +1).
You have supernaturally acute eyesight.
Armour fits poorly on your strangely shaped body.
Your system is resistant to poisons.
You cover ground very slowly.
You have a slow metabolism.
You can spit poison.
You have an increased reservoir of magic (+10% MP).
You are robust (+10% HP).
Your muscles are strong. (Str +2)


Message History

* * * LOW HITPOINT WARNING * * *
You are poisoned.
The adder poisons you! The rat closely misses you.
The kobold hits you with a dagger.
* * * LOW HITPOINT WARNING * * *
The giant gecko bites you.
* * * LOW HITPOINT WARNING * * *
A kobold comes into view.
Casting: Sandblast
Confirm with . or Enter, or press ? or * to list all spells.
Aiming: Sandblast
Press: ? - help, Shift-Dir - straight line, f/p - giant gecko
Aim: a giant gecko (clinging)
The rocky blast hits the giant gecko.
The giant gecko is heavily wounded.
The kobold shouts!
You are feeling hungry.
* * * LOW HITPOINT WARNING * * *
You feel sick. The adder bites you.
You die...

##..............
#...............
#...............
#...............
#...............
#.(.............
#.....rSK.....#
#...gl@.....#
####....###.#####
.....### ..#
####.###### ..#
#.......... .g.
#...# .KS. #.###
..... #.# ..K...
#.#


You could see 2 adders, a giant gecko, 2 goblins, 3 kobolds and a rat.

Vanquished Creatures
  2 dart slugs (D:1)
  2 giant cockroaches (D:1)
  2 hobgoblins (D:1)
  4 bats (D:1)
  2 giant newts (D:1)
  A goblin (D:1)
  3 kobolds
  4 rats
20 creatures vanquished.

Notes
Turn   | Place    | Note
--------------------------------------------------------------
     0 | D:1      | djnw the Naga Earth Elementalist began the quest for the Orb.
     0 | D:1      | Reached XP level 1. HP: 15/15 MP: 3/3
   219 | D:1      | Reached XP level 2. HP: 11/22 MP: 5/5
   523 | D:1      | Gained mutation: Your muscles are strong. (Str +2) [potion of mutation]
   523 | D:1      | Gained mutation: You have an increased reservoir of magic (+10% MP). [potion of mutation]
   523 | D:1      | Gained mutation: You are robust (+10% HP). [potion of mutation]
  1212 | D:2      | Reached XP level 3. HP: 3/30 MP: 7/7
  1509 | D:2      | Slain by an adder

Action                   || total
-------------------------++-------
Melee: Hand axe          ||    50
Throw: Stone             ||     1
 Cast: Sandblast         ||     1
 Abil: Spit Poison       ||    12
  Use: Scroll            ||     4
       Potion            ||     3
  Eat: Chunk             ||     1
Armor: Robe              ||    18
Dodge: Dodged            ||    47
Block: Buckler           ||    13
